AoeStats
← soyedusrdo1983

Arabia

509743051Analyzed
1v1 RM · 5d ago on Sep 27, 2026· 31m 57s· 2 players
Game mode
Random Map
Map size
Tiny (2 player)
Population
200
Speed
Normal
Resources
Standard
Victory
Conquest
Starting age
Dark Age
Ending age
Imperial Age
RankedLock teamsTeams togetherTeam positionsShared explorationLock speedFull tech treeHidden civsTurbo modeCheats
Victory
Defeat
🇦🇷 Portuguese · Argentina
317
+16
🇦🇷 Byzantines · Argentina
309
-16
Terrano966
10:42 Feudal Age
8:58 Loom
11:59 Wheelbarrow
11:07 Horse Collar
11:41 Double-Bit Axe
15:56 Stone Mining
30:37 Forging
30:29 Scale Mail Armor
soyedusrdo1983
3:52 Loom
12:41 Feudal Age
13:54 Double-Bit Axe
17:34 Bloodlines
21:04 Scale Barding Armor
20:59 Scale Mail Armor
30:02 Castle Age
Connection lost

Rejoining the realm…

Still unreachable

The connection could not be restored.

Session expired

The server has moved on; the page needs a fresh start.